Map: Desert Strike Legacy (Official)

Players

JaySlays

  • Race: Zerg Zerg
  • Spawn Location: 7:00

silencer

  • Race: Terran Terran
  • Spawn Location: 11:00

mgreeneak

  • Race: Terran Terran
  • Spawn Location: 6:00

Dosiz

  • Race: Protoss Protoss
  • Spawn Location: 12:00

chino

  • Race: Terran Terran
  • Spawn Location: 6:00

MrNONAME

  • Race: Terran Terran
  • Spawn Location: 1:00

VOD

Have the link to the VOD?

Description

Time

  • Played on: April 15, 2018, 12:43 a.m.
  • Length: 43:06
Show
View Real Time Build Order
Export as new Build Order

JaySlays Zerg 

Build Orders: Hatch First 

Get SALT Encoding   

    0:15  Hatchery  
    0:51  Extractor  
    1:30  Spawning Pool  
    1:47  Spawning Pool  
    2:07  Roach Warren  
    2:29  Roach Warren  
    3:28  Extractor  
    3:56  Lair  
    4:27  Roach Warren  
    5:27  Roach Warren  
    6:06  Extractor  
    7:17  Roach Warren  
    7:19  Roach Warren  
    7:46  Unknown  
    8:05  Unknown  
    8:26  Unknown  
    8:52  Unknown  
    9:19  Infestation Pit  
    9:29  Hive  
    9:48  Unknown  
    10:29  Nydus Network  
    11:37  Ultralisk Cavern  
    12:10  Unknown  
    12:19  Unknown  
    12:43  Unknown  
    13:58  Ultralisk Cavern  
    14:30  Infestation Pit  
    14:57  Unknown  
    15:30  Unknown  
    16:19  Unknown  
    16:21  Unknown  
    17:36  Ultralisk Cavern  
    18:03  Unknown  
    18:29  Unknown  
    18:50  Unknown  
    19:10  Baneling Nest  
    19:11  Baneling Nest  
    19:18  Baneling Nest  
    19:42  Unknown  
    20:06  Unknown  
    20:27  Unknown  
    20:35  Greater Spire  
    20:56  Unknown  
    21:40  Spire  
    22:19  Extractor  
    24:11  Infestation Pit  
    25:14  Unknown  
    25:50  Unknown  
    25:51  Unknown  
    26:12  Extractor  
    28:28  Infestation Pit  
    28:43  Extractor  
    28:52  Unknown  
    30:42  Unknown, Greater Spire  
    30:55  Unknown  
    31:04  Greater Spire  
    31:23  Unknown  
    31:35  Unknown  
    31:36  Unknown  
    31:44  Spire  
    32:10  Spire  
    32:27  Unknown  
    32:34  Unknown  
    32:44  Unknown  
    34:04  Ultralisk Cavern  
    34:18  Unknown  
    34:54  Unknown x3  
    34:57  Unknown  
    35:06  Unknown  
    35:42  Unknown  
    35:45  Unknown  
    35:46  Unknown  
    35:55  Unknown  
    36:09  Nydus Network  
    36:28  Greater Spire  
    36:40  Unknown  
    36:44  Unknown  
    37:08  Unknown  
    37:29  Unknown  
    37:35  Spire  
    38:11  Greater Spire  
    38:45  Infestation Pit  
    39:17  Spire  
    39:49  Unknown x3  
    39:52  Unknown  
    39:56  Unknown  
    40:12  Unknown  
    40:22  Unknown  
    41:16  Ultralisk Cavern  
    41:47  Unknown  
    42:48  Ultralisk Cavern x2  
    42:49  Ultralisk Cavern  
    42:55  Hatchery x3  
    42:58  Hatchery  
Show
View Real Time Build Order
Export as new Build Order

silencer Terran 

Build Orders:  

Get SALT Encoding   

    0:50  Refinery  
    1:35  Barracks  
    1:59  Barracks Reactor  
    2:25  Barracks  
    3:21  Refinery  
    4:32  Factory  
    4:48  Barracks Reactor  
    5:11  Barracks  
    5:52  Refinery  
    7:10  Barracks  
    7:17  Barracks  
    7:32  Barracks  
    7:36  Barracks  
    7:46  Barracks  
    8:03  Barracks Reactor  
    8:14  Barracks Reactor  
    8:28  Barracks Reactor  
    8:32  Orbital Command  
    9:26  Factory Tech Lab  
    9:45  Barracks Reactor  
    10:13  Barracks Reactor  
    10:14  Barracks Reactor  
    11:14  Factory  
    11:33  Factory Tech Lab  
    12:30  Starport  
    13:12  Unknown  
    13:15  Unknown  
    13:19  Unknown  
    13:27  Unknown  
    14:05  Unknown  
    14:27  Unknown  
    14:36  Factory  
    16:01  Factory Tech Lab  
    16:22  Factory  
    17:18  Factory Tech Lab  
    17:50  Unknown  
    18:02  Unknown  
    18:05  Unknown  
    18:13  Unknown  
    18:26  Unknown  
    18:39  Unknown  
    19:17  Factory  
    20:03  Factory Tech Lab  
    21:03  Unknown  
    21:08  Unknown  
    21:12  Unknown  
    21:25  Unknown  
    21:30  Unknown  
    21:59  Refinery  
    24:12  Unknown  
    24:27  Unknown  
    24:29  Refinery  
    27:00  Refinery  
    27:54  Unknown  
    29:16  Factory  
    29:46  Factory Tech Lab  
    30:15  Factory  
    30:19  Factory Tech Lab  
    30:26  Factory  
    30:57  Factory Tech Lab  
    31:06  Orbital Command  
    31:18  Unknown  
    31:22  Unknown  
    31:38  Factory  
    32:03  Factory Tech Lab  
    32:06  Factory  
    32:30  Factory Tech Lab  
    32:36  Factory  
    32:45  Factory  
    33:19  Factory Tech Lab  
    33:42  Factory Tech Lab  
    34:18  Unknown  
    34:22  Unknown  
    34:34  Unknown  
    34:39  Unknown  
    34:45  Unknown  
    36:11  Unknown  
    36:15  Unknown  
    36:49  Unknown  
    36:58  Unknown  
    37:09  Unknown  
    37:19  Unknown  
    37:24  Unknown  
    37:31  Unknown  
    37:46  Unknown  
    37:58  Unknown  
    38:02  Unknown  
    38:07  Unknown  
    38:36  Unknown  
    38:51  Unknown  
    38:59  Unknown  
    39:08  Unknown  
    41:56  Unknown  
    42:04  Unknown  
    42:36  Factory  
    42:38  Unknown  
    42:40  Factory  
    42:42  Unknown  
    42:44  Factory  
    42:47  Unknown  
    42:53  Factory  
Show
View Real Time Build Order
Export as new Build Order

mgreeneak Terran 

Build Orders:  

Get SALT Encoding   

    0:51  Refinery  
    1:35  Barracks  
    1:55  Barracks Tech Lab  
    2:17  Barracks  
    3:21  Refinery  
    4:18  Barracks Reactor  
    4:35  Barracks  
    4:43  Orbital Command  
    5:53  Refinery  
    7:10  Unknown  
    7:23  Factory  
    7:37  Barracks  
    7:44  Barracks Tech Lab  
    7:57  Barracks  
    8:07  Unknown  
    8:20  Barracks  
    8:33  Barracks Reactor  
    8:46  Factory  
    8:58  Barracks  
    9:09  Barracks Tech Lab  
    9:25  Barracks  
    9:41  Barracks Reactor  
    9:48  Barracks  
    9:58  Unknown  
    10:10  Barracks  
    10:20  Barracks Tech Lab  
    10:34  Barracks  
    10:49  Unknown  
    10:56  Barracks  
    11:09  Barracks Reactor  
    11:32  Starport  
    11:55  Starport  
    12:18  Starport  
    12:47  Starport Tech Lab  
    14:01  Factory Tech Lab  
    15:08  Factory Tech Lab  
    15:25  Unknown  
    15:38  Unknown  
    15:53  Unknown  
    16:07  Unknown  
    16:21  Unknown  
    16:36  Unknown  
    17:00  Unknown  
    17:07  Unknown  
    17:18  Unknown  
    17:32  Unknown  
    18:06  Unknown  
    18:09  Unknown  
    18:41  Ghost Academy  
    19:13  Ghost Academy  
    19:54  Factory  
    20:38  Factory Tech Lab  
    21:42  Ghost Academy  
    22:00  Refinery  
    22:09  Factory  
    24:49  Refinery  
    24:52  Factory Tech Lab  
    26:41  Unknown  
    26:51  Unknown  
    26:56  Unknown  
    27:03  Unknown  
    27:11  Unknown  
    27:18  Unknown  
    27:26  Unknown  
    27:34  Unknown  
    27:47  Unknown  
    27:50  Unknown  
    27:57  Unknown  
    28:05  Unknown  
    28:22  Refinery  
    30:39  Ghost Academy  
    30:48  Ghost Academy  
    31:00  Ghost Academy  
    31:18  Unknown  
    31:41  Armory  
    31:51  Starport Tech Lab  
    32:02  Starport Tech Lab  
    32:16  Unknown  
    32:17  Unknown  
    32:21  Unknown  
    32:27  Unknown  
    32:33  Unknown  
    32:54  Unknown  
    33:13  Armory  
    33:31  Unknown  
    34:00  Armory  
    34:12  Ghost Academy  
    34:26  Ghost Academy  
    34:34  Unknown  
    34:43  Unknown  
    34:49  Unknown  
    34:53  Unknown  
    34:56  Unknown  
    35:09  Unknown x2  
    35:37  Unknown  
    35:47  Armory  
    36:03  Ghost Academy  
    36:27  Armory  
    36:45  Unknown  
    37:01  Ghost Academy  
    38:34  Armory  
    38:43  Unknown  
    38:49  Ghost Academy  
    38:57  Ghost Academy  
    39:55  Unknown x2  
    39:57  Unknown  
    40:28  Unknown  
    40:34  Unknown  
    40:38  Unknown  
    40:42  Unknown  
    41:23  Unknown  
    41:27  Unknown  
    41:28  Unknown  
    41:30  Unknown  
    41:31  Unknown  
    41:39  Ghost Academy  
    42:13  Armory  
    42:36  Unknown  
    42:42  Ghost Academy  
    42:46  Ghost Academy  
Show
View Real Time Build Order
Export as new Build Order

Dosiz Protoss 

Build Orders: Nexus First 

Get SALT Encoding   

    0:32  Nexus  
    0:51  Assimilator  
    2:02  Gateway  
    2:05  Gateway  
    2:37  Cybernetics Core x2  
    3:31  Assimilator  
    4:48  Twilight Council  
    5:04  Dark Shrine  
    6:10  Assimilator  
    6:14  Unknown  
    7:23  Gateway  
    7:44  Gateway  
    7:46  Gateway  
    8:41  Robotics Facility  
    9:01  Twilight Council  
    9:37  Robotics Bay  
    10:08  Twilight Council  
    10:10  Twilight Council  
    10:38  Twilight Council  
    11:28  Unknown  
    11:47  Twilight Council  
    12:55  Twilight Council  
    12:58  Twilight Council  
    13:00  Twilight Council  
    13:16  Twilight Council  
    13:49  Gateway  
    13:50  Gateway  
    13:52  Gateway  
    14:24  Gateway  
    14:31  Cybernetics Core  
    14:33  Cybernetics Core  
    14:35  Cybernetics Core  
    14:55  Cybernetics Core  
    14:57  Cybernetics Core  
    15:04  Cybernetics Core  
    15:19  Unknown  
    16:26  Unknown  
    16:27  Unknown  
    16:29  Unknown  
    16:31  Unknown  
    16:45  Unknown  
    16:46  Unknown  
    17:04  Twilight Council  
    18:30  Twilight Council  
    18:44  Robotics Bay  
    19:41  Unknown  
    19:44  Unknown  
    19:45  Unknown x2  
    19:50  Unknown  
    20:07  Unknown  
    20:35  Unknown  
    20:36  Unknown  
    21:25  Robotics Facility  
    21:59  Assimilator  
    23:54  Stargate  
    24:40  Assimilator  
    26:43  Stargate  
    27:45  Assimilator  
    28:01  Unknown  
    30:26  Unknown  
    30:27  Unknown  
    30:39  Robotics Facility  
    31:02  Robotics Facility  
    31:34  Unknown x2  
    31:42  Unknown  
    32:16  Unknown  
    32:26  Unknown  
    32:39  Stargate  
    33:04  Stargate  
    33:12  Stargate  
    34:14  Robotics Bay  
    34:20  Unknown  
    34:48  Robotics Bay  
    35:27  Robotics Bay  
    35:31  Robotics Bay  
    35:56  Robotics Facility  
    35:59  Forge  
    36:08  Forge  
    36:13  Forge  
    36:16  Forge  
    36:59  Templar Archives x2  
    37:01  Templar Archives  
    37:05  Templar Archives  
    37:27  Robotics Facility  
    37:54  Robotics Facility  
    38:01  Nexus  
    38:49  Robotics Facility  
    38:52  Unknown  
    39:20  Unknown  
    39:30  Unknown  
    40:50  Unknown  
    41:42  Unknown  
    41:48  Unknown  
    42:31  Unknown  
    42:37  Unknown  
    42:45  Templar Archives  
    42:50  Templar Archives  
Show
View Real Time Build Order
Export as new Build Order

chino Terran 

Build Orders:  

Get SALT Encoding   

    1:39  Refinery  
Show
View Real Time Build Order
Export as new Build Order

MrNONAME Terran 

Build Orders:  

Get SALT Encoding   

    0:50  Refinery  
    1:33  Barracks  
    2:46  Barracks  
    2:49  Barracks Tech Lab  
    3:22  Refinery  
    4:43  Factory  
    4:46  Unknown  
    5:56  Refinery  
    6:08  Barracks Reactor  
    6:10  Barracks  
    7:46  Barracks Reactor  
    7:48  Barracks  
    7:49  Barracks Reactor  
    7:53  Barracks  
    9:08  Barracks Tech Lab  
    9:10  Barracks  
    9:14  Barracks Tech Lab  
    9:17  Engineering Bay  
    9:20  Engineering Bay  
    9:24  Unknown  
    9:27  Starport  
    9:29  Starport Tech Lab  
    10:50  Unknown x2  
    10:55  Barracks  
    10:58  Barracks Reactor  
    11:03  Unknown  
    11:10  Unknown  
    12:18  Unknown  
    12:35  Barracks  
    12:36  Barracks Reactor  
    12:38  Barracks  
    12:42  Barracks Reactor  
    12:44  Unknown  
    12:45  Unknown  
    14:11  Factory Tech Lab  
    14:16  Unknown  
    14:21  Factory  
    15:36  Starport  
    15:37  Starport Reactor  
    15:40  Unknown  
    15:47  Unknown  
    15:52  Unknown  
    16:00  Barracks  
    17:27  Barracks Tech Lab  
    17:30  Starport  
    17:31  Starport Tech Lab  
    17:34  Unknown  
    17:39  Unknown  
    19:01  Unknown  
    19:05  Factory Tech Lab  
    19:08  Factory  
    20:18  Unknown x2  
    20:21  Unknown  
    20:22  Unknown  
    20:35  Unknown  
    20:46  Unknown  
    21:41  Unknown  
    21:58  Refinery  
    23:18  Orbital Command  
    23:48  Factory  
    23:55  Factory  
    24:29  Refinery  
    25:41  Barracks  
    26:59  Refinery  
    27:05  Unknown  
    29:57  Factory Tech Lab  
    30:00  Unknown  
    30:01  Unknown  
    30:18  Barracks Tech Lab  
    30:21  Engineering Bay  
    30:28  Barracks  
    30:34  Barracks Reactor  
    31:47  Starport  
    31:49  Starport Tech Lab  
    31:53  Unknown  
    32:00  Factory  
    32:02  Factory Tech Lab  
    32:04  Barracks x2  
    32:06  Barracks Reactor  
    32:10  Barracks Reactor  
    33:26  Fusion Core  
    33:27  Fusion Core  
    33:33  Factory  
    33:43  Factory Tech Lab  
    34:58  Unknown  
    35:01  Unknown  
    35:04  Unknown  
    35:06  Supply Depot x2  
    35:08  Supply Depot  
    35:11  Factory  
    35:13  Factory Tech Lab  
    35:18  Unknown  
    35:20  Unknown  
    36:21  Fusion Core  
    36:28  Unknown x2  
    36:32  Unknown  
    36:35  Engineering Bay  
    36:50  Armory  
    36:52  Starport  
    37:50  Starport Tech Lab  
    38:01  Starport  
    38:03  Starport Reactor  
    38:05  Unknown  
    38:08  Unknown  
    38:13  Unknown  
    38:20  Unknown  
    38:23  Factory  
    38:26  Unknown  
    38:32  Factory  
    39:50  Factory Tech Lab  
    39:53  Unknown  
    40:00  Unknown x2  
    41:00  Unknown  
    41:03  Fusion Core  
    41:22  Unknown  
    41:23  Unknown  
    41:36  Unknown x2  
    41:42  Unknown  
    41:44  Unknown x2  
    41:45  Unknown  
    41:46  Unknown  
    42:02  Fusion Core  
    42:37  Fusion Core  
    42:39  Starport  
    42:42  Starport Tech Lab  
    42:46  Unknown  
Tags
 
Add a new tag
Caveats
  • Supply blocks, unpowered buildings, or Contaminate may cause inaccurate times.
  • Supply counts are checked every 10 seconds.